 Dungeon Crawl Stone Soup version 0.25-a0-410-g53dbb631d1 (webtiles) character file.

Game seed: 10400043731411888243, levelgen mode: deterministic

11 Jerej03 the Vexing (level 2, -1/14 HPs)
             Began as a Spriggan Arcane Marksman on Jan 13, 2020.
             Slain by a leopard gecko (4 damage)
             ... on level 1 of the Dungeon.
             The game lasted 00:02:00 (265 turns).

Jerej03 the Vexing (Spriggan Arcane Marksman)        Turns: 265, Time: 00:02:00

Health: -1/14      AC:  2    Str:  6    XL:     2   Next: 13%
Magic:  4/5        EV: 18    Int: 14    God:
Gold:   11         SH:  0    Dex: 16    Spells: 2/3 levels left

rFire    . . .     SeeInvis +   a - +0 shortbow
rCold    . . .     Gourm    .   (shield currently unavailable)
rNeg     . . .     Faith    .   e - +0 robe
rPois    .         Spirit   .   (helmet restricted)
rElec    .         Reflect  .   (no cloak)
rCorr    .         Harm     .   (gloves unavailable)
MR       .....                  (boots unavailable)
Stlth    +.........             (no amulet)
HPRegen  0.04/turn              (no ring)
MPRegen  0.09/turn              (no ring)

@: very quick
A: very small, unfitting armour, see invisible, herbivore, speed 3, slow
metabolism 2
a: no special abilities


You were on level 1 of the Dungeon.
You were not hungry.

You visited 1 branch of the dungeon, and saw 1 of its levels.

You collected 11 gold pieces.

Inventory:

Hand Weapons
 a - a +0 shortbow (weapon)
Missiles
 d - 34 arrows (quivered)
Armour
 e - a +0 robe (worn)
Scrolls
 b - a scroll of enchant armour {unknown}
Comestibles
 f - a ration


   Skills:
 + Level 0.7 Fighting
 + Level 2.6 Bows
 + Level 3.3 Dodging
 + Level 1.3 Spellcasting
 + Level 4.1 Hexes


You had 2 spell levels left.
You knew the following spells:

 Your Spells              Type           Power        Failure   Level  Hunger
a - Corona                Hex            ##.....      4%          1    ##.....

Your spell library contained the following spells:

 Spells                   Type           Power        Failure   Level  Hunger
 Slow                     Hex            ##......     7%          2    ###....
 Inner Flame              Hex/Fire       #.......     32%         3    ####...
 Portal Projectile        Hex/Tloc       #.....       32%         3    ####...
 Cause Fear               Hex            ##........   41%         4    #####..
 Leda's Liquefaction      Hex/Erth       #.........   71%         4    #####..


Dungeon Overview and Level Annotations

Branches:
Dungeon (1/15)

Altars:


Innate Abilities, Weirdness & Mutations

You are very small and have problems with some larger weapons.
You are too small for most types of armour.
You have supernaturally acute eyesight. (SInv)
You are a herbivore.
You cover ground extremely quickly.
You need to consume almost no food.


Message History

Aim: a hobgoblin (almost dead, softly glowing)
You shoot an arrow. The arrow barely misses the hobgoblin.
You see here an arrow.
The hobgoblin hits you.
A leopard gecko comes into view.
The hobgoblin hits you but does no damage.
The hobgoblin stops glowing.
The hobgoblin misses you. The hobgoblin hits you. The hobgoblin misses you.
The hobgoblin hits you but does no damage.
The hobgoblin misses you. The leopard gecko closely misses you.
The hobgoblin hits you. The leopard gecko bites you.
* * * LOW HITPOINT WARNING * * *
The hobgoblin barely misses you. The leopard gecko closely misses you.
The leopard gecko misses you. The hobgoblin closely misses you.
The leopard gecko closely misses you. The hobgoblin barely misses you.
The leopard gecko hisses menacingly.
The leopard gecko bites you.
You die...

##...### ........
#######....#
#..........#
+.......####
###..[.......###########
..'.)...................
.##......####....l..(...
.###........+..(@g...(..
.############...........
.......# #.....(.....
.....#.# #........###
####.#.#### #........#
.....#....# #..........
####.####.# ####+##.####
#.........###### .#
#....###.......#


You could see a leopard gecko and a hobgoblin.

Vanquished Creatures
  A dart slug (D:1)
  2 bats (D:1)
  A goblin (D:1)
  2 hobgoblins (D:1)
  2 frilled lizards (D:1)
  A rat (D:1)
9 creatures vanquished.

Notes
Turn   | Place    | Note
-------+----------+-------------------------------------------
     0 | D:1      | Jerej03 the Spriggan Arcane Marksman began the quest for
                  | the Orb.
     0 | D:1      | Reached XP level 1. HP: 9/9 MP: 3/3
   211 | D:1      | Reached skill level 4 in Hexes
   219 | D:1      | Reached XP level 2. HP: 14/14 MP: 1/5
   265 | D:1      | Slain by a leopard gecko

Levels and vault maps discovered:
D:1:      evilmike_arrival_rings, layout_basic, corner_web_ring

Skill      XL: |  1 |
---------------+----+-----
Hexes          | 4 |  4.1
Fighting       | |  0.7
Bows           | |  2.6
Dodging        | |  3.3
Spellcasting   | |  1.3

Action                   || total
-------------------------++-------
 Fire: Shortbow          ||    22
 Cast: Corona            ||     5
Armor: Robe              ||     2
Dodge: Dodged            ||    14

Table legend:
 A = Non-vault XP
 B = Vault XP
 C = Vault XP percentage of total XP
 D = Non-vault monster count
 E = Vault monster count
 F = Vault count percentage of total count
                 A         B        C        D         E       F
            +---------+---------+-------+---------+---------+-------
      Total |      16 |       0 |   0.0 |       9 |       0 |   0.0
            +---------+---------+-------+---------+---------+-------
        D:1 |      16 |       0 |   0.0 |       9 |       0 |   0.0
            +---------+---------+-------+---------+---------+-------
